 Dungeon Crawl Stone Soup version 0.27.1-16-g815e20cd7a (webtiles) character file.

Game seed: 16092867239040330037

16 TheCrusader the Chopper (level 2, -2/27 HPs)
             Began as a Hill Orc Monk on Nov 24, 2021.
             Slain by an orc (3 damage)
             ... on level 5 of the Dungeon.
             The game lasted 00:03:47 (861 turns).

TheCrusader the Chopper (Hill Orc Monk)              Turns: 861, Time: 00:03:48

Health: -2/27      AC:  2    Str: 13    XL:     2   Next: 58%
Magic:  2/2        EV: 12    Int: 10    God:
Gold:   20         SH:  0    Dex: 13    Spells: 1/1 levels left

rFire    . . .     SeeInvis .   a - +0 hand axe
rCold    . . .     Faith    .   (no shield)
rNeg     . . .     Spirit   .   b - +0 robe
rPois    .         Reflect  .   (no helmet)
rElec    .         Harm     .   (no cloak)
rCorr    .         Rampage  .   (no gloves)
Will     .....                  (no boots)
Stlth    ++........             (no amulet)
HPRegen  0.09/turn              (no ring)
MPRegen  0.08/turn              (no ring)

@: lethally poisoned (-2 -> -5)
A: no striking features
a: no special abilities


You were on level 5 of the Dungeon.
You visited 1 branch of the dungeon, and saw 5 of its levels.

You collected 20 gold pieces.

Inventory:

Hand Weapons
 a - a +0 hand axe (weapon)
Armour
 b - a +0 robe (worn)


   Skills:
 + Level 3.9 Fighting
 + Level 4.3 Axes
 + Level 2.6 Dodging
 * Level 1.8 Stealth


You had one spell level left.
You didn't know any spells.
Your spell library contained the following spells:

 Spells                   Type           Power      Damage    Failure   Level
 Malign Gateway           Summ/Tloc      0%         N/A       100%        7
 Summon Horrible Things   Summ           0%         N/A       100%        8


Dungeon Overview and Level Annotations

Branches:
Dungeon (5/15)
 Temple: D:4-7

Altars:
Qazlal
Vehumet

Annotations:
D:5 Edmund


Message History

You see here a quokka corpse.
You pick up a Grand Grimoire and begin reading...
You add the spells Malign Gateway and Summon Horrible Things to your library.
You now have 20 gold pieces (gained 10).
There is a stone staircase leading down here.
You climb downwards.
There is a stone staircase leading up here.
The adder hisses angrily.
The orc wizard points at you and mumbles some strange words.
The magic dart hits you. 2 orcs come into view.
An orc is wielding a +2 dagger of speed.
Found a stone staircase leading down.
The orc wizard casts a spell at you. The magic dart hits you!
An orc comes into view. It is wielding a +0 club.
The orc shouts!
The adder bites you. The adder barely misses you.
Found a stone staircase leading up.
The adder bites you.
* * * LOW HITPOINT WARNING * * *
You are lethally poisoned!
The adder poisons you!
* * * LOW HITPOINT WARNING * * *
You feel sick.
The orc wizard mumbles some strange words.
The orc wizard flickers and vanishes!
Deactivating autopickup; reactivate with Ctrl-A.
The orc closely misses you.
* * * LOW HITPOINT WARNING * * *
You feel sick.
Edmund the Younger comes into view.
He is wielding a +6 flail of protection.
The orc completely misses you. The adder barely misses you.
* * * LOW HITPOINT WARNING * * *
You feel sick.
Found a worn iron wand.
* * * LOW HITPOINT WARNING * * *
You feel sick. The orc hits you with a +0 short sword.
* * * LOW HITPOINT WARNING * * *
The orc hits you with a +2 dagger of speed.
You die...

#.....#.##..#
#.......##..##
#...<........###
#......###.....##
#......##.......##
#......##.#......###..
#####..##...#.........
/.......S.........###>
.......@oo....####....
........o....## ...
.............# ..
.....@....#.....
..............<..
###.###...####### #.
#..## . ..##


You could see Edmund (wandering), an adder and 3 orcs.

Vanquished Creatures
  An orc (D:3)
  A ball python (D:1)
  A bat (D:1)
  A giant cockroach (D:4)
  A goblin (D:1)
  A hobgoblin (D:1)
  2 quokkas
  A frilled lizard (D:1)
  3 kobolds (D:1)
  2 rats
14 creatures vanquished.

Notes
Turn   | Place    | Note
-------+----------+-------------------------------------------
     0 | D:1      | TheCrusader the Hill Orc Monk began the quest for the Orb.
     0 | D:1      | Reached XP level 1. HP: 19/19 MP: 1/1
   407 | D:1      | Reached XP level 2. HP: 27/27 MP: 2/2
   756 | D:2      | Found a faded altar of an unknown god.
   764 | D:2      | Became a worshipper of Qazlal Stormbringer
   764 | D:2      | Reached * piety under Qazlal
   764 | D:2      | Reached ** piety under Qazlal
   771 | D:2      | Fell from the grace of Qazlal
   789 | D:3      | Found a radiant altar of Vehumet.
   844 | D:5      | Entered Level 5 of the Dungeon
   859 | D:5      | Noticed Edmund
   861 | D:5      | HP: 1/27 [orc (2)]
   861 | D:5      | Slain by an orc

Illustrated notes

Levels and vault maps discovered:
D:1:      minmay_arrival_four_loops, layout_loops_ring
D:2:      layout_basic, ebering_ecumenical_altar_webs
D:3:      layout_rooms, old_standard_altar, lemuel_doored_altar,
          mainiacjoe_overflow_alcove_4
D:4:      layout_rooms, ebering_ghost_disaster_area, minivault_25, uniq_sigmund,
          uniq_pikel, uniq_grinder
D:5:      layout_rooms, amethyst_overflow_temple_binary,
          hangedman_decor_growths, uniq_edmund, uniq_menkaure

Action                   || total
-------------------------++-------
Melee: Hand axe          ||    36
Invok: Renounce Religion ||     1
 Stab: Sleeping          ||     1
Armor: Robe              ||     5
Dodge: Dodged            ||    24
